Match 36608411
Unlisted

Match 36608411
End
Construct Section Command Post
Royal Engineer Section
Dingo Light Scout Car
Infantry Section
Infantry Section
ML 3-inch Mortar Team
Selects Heavy Armor Battlegroup
Construct Platoon Command Post
Selects Engineer Detachments
Construct Field Infirmary
Infantry Training
Unlock Bishop Self-propelled Artillery
Bishop Self-propelled Artillery
Infantry Section
Grenade Package
6-pounder Anti-tank Gun Team
Bishop Self-propelled Artillery
Selects Crusader AA Medium Tank
Team Weapon Training
Infantry Section
Light Vehicle Training
Selects Churchill Black Prince Heavy Tank
Churchill Black Prince Heavy Tank
Royal Engineer Section
Armored Vehicle Training
Selects Light Vehicle Withdraw and Refit
Selects Radio Net
Mr. Hard
Adumb
OMJimas
Bengasi
0
0

Comments sign in to comment!

No comments posted yet!